 Dungeon Sprint DCSS version 0.26-a0-695-g987792ac36 (webtiles) character file.

Game seed: 13302730800452680139

22130 mhtbhm the Bludgeoner (level 12, -11/129 HPs)
             Began as a Troll Berserker on Oct 25, 2020.
             Was the Champion of Trog.
             Hit by a large rock thrown by a stone giant (51 damage)
             ... in the Dungeon (Sprint IX: "|||||||||||||||||||||||||||||").
             The game lasted 00:08:36 (2113 turns).

mhtbhm the Bludgeoner (Troll Berserker)             Turns: 2113, Time: 00:08:38

Health: -11/129    AC: 12    Str: 32    XL:     12   Next: 60%
Magic:  3/3        EV: 20    Int:  3    God:    Trog [******]
Gold:   726        SH:  0    Dex: 16    Spells: 11/11 levels left

rFire    + + +     SeeInvis .   a - +10 dire flail "Luibb" {antimagic, *Slow rF++ Dex+7}
rCold    . . .     Faith    .   (shield currently unavailable)
rNeg     . . .     Spirit   .   b - +0 troll leather armour
rPois    .         Reflect  .   (helmet restricted)
rElec    .         Harm     .   x - +1 cloak
rCorr    .         Rampage  .   (gloves unavailable)
MR       .....     NoTele   +   (boots unavailable)
Stlth    ++........             (no amulet)
HPRegen  1.51/turn              m - +2 ring of evasion
MPRegen  0.08/turn              w - ring of protection from fire

@: berserk cooldown
A: large, unfitting armour, claws 3, horns 1, yellow scales 1, frail 1,
regeneration 2, shaggy fur 1, tough skin 3
a: Berserk, Trog's Hand, Brothers in Arms, Renounce Religion


You were in the Dungeon.
You worshipped Trog.
Trog was exalted by your worship.
You visited 1 branch You collected 1941 gold pieces.
You spent 1215 gold pieces at shops.

Inventory:

Hand Weapons
 a - the +10 dire flail "Luibb" (weapon) {antimagic, *Slow rF++ Dex+7}
   (Trog gifted it to you in the Dungeon)

   It reduces the magical energy of the wielder, and disrupts the spells and
   magical abilities of those hit.
   Natural abilities and divine invocations are not affected.
   It affects your dexterity (+7).
   It greatly protects you from fire.
   It may slow you when you take damage.
 n - a +1 great mace of holy wrath
Armour
 b - a +0 troll leather armour (worn)
 x - a +1 cloak (worn)
Jewellery
 m - a +2 ring of evasion (left claw)
 w - a ring of protection from fire (right claw)
Wands
 k - a wand of iceblast (8)
Scrolls
 h - 4 scrolls of blinking
 j - 7 scrolls of remove curse
 p - a scroll of enchant armour
 q - 4 scrolls of fog
 r - 2 scrolls of fear
 s - 4 scrolls of identify
Potions
 c - 5 potions of curing
 d - 2 potions of heal wounds
 e - a potion of haste
 f - 4 potions of magic
 g - a potion of berserk rage
 i - a potion of invisibility
 l - a potion of resistance
 o - 2 potions of might
 v - 2 potions of stabbing
Miscellaneous
 t - a condenser vane (1/2)
 u - a lightning rod (4/4)


   Skills:
 + Level 15.6 Fighting
 + Level 18.9 Maces & Flails
 + Level 2.5 Armour
 + Level 12.8 Dodging
 + Level 3.9 Stealth
 + Level 0.2 Evocations


You had 11 spell levels left.
You didn't know any spells.
Your spell library was empty.

Dungeon Overview and Level Annotations

Branches:
Dungeon (1/1)

Altars:
Cheibriados
Dithmenos
Elyvilon
Fedhas
Gozag
Hepliaklqana
Kikubaaqudgha
Makhleb
Nemelex Xobeh
Okawaru
Qazlal
Ru
Sif Muna
Trog
Uskayaw
Vehumet
Wu Jian
Xom
Yredelemnul
Zin
The Shining One
Beogh
Jiyva
Lugonu

Shops:
D ?(}*


Innate Abilities, Weirdness & Mutations

You are too large for most types of armour.
You have claws for hands.
You heal very quickly.
You are covered in fur. (AC +1)
You have extremely tough skin. (AC +3)
You have a pair of small horns on your head.
You are partially covered in yellow scales. (AC +2)
You are frail. (-10% HP)


Message History

The kobold's corpse dissolves into shadows!
You hear a horrible gurgling sound!
The bat is engulfed in noxious fumes.
The bat appears confused.
The bat hits the giant cockroach zombie.
The bat is engulfed in noxious fumes.
The bat appears confused.
The bat hits the giant cockroach zombie but does no damage.
The stone giant is engulfed in noxious fumes.
The stone giant throws a large rock.
The large rock hits you!
* * * LOW HITPOINT WARNING * * *
The glowing orange brain blinks!
The bat is engulfed in noxious fumes.
The bat hits the giant cockroach zombie.
Unknown command.
Unknown command.
You feel much better.
The bat is engulfed in noxious fumes.
The bat appears confused.
The bat hits the giant cockroach zombie but does no damage.
The bat closely misses itself.
The stone giant is engulfed in noxious fumes.
The stone giant throws a large rock.
The large rock hits you!!!
You die...

[[[[..'.).......†.†'..))...÷)÷...
▓▓▓▓▓▓▓▓▓▓▓▓▓▓▓▓▓▓▓▓▓▓▓▓▓▓▓▓▓▓▓▓▓
.............................)...
▓▓▓▓▓▓▓▓▓▓▓▓▓▓▓▓▓▓▓▓▓▓▓▓▓▓▓▓▓▓▓▓▓
..'..).†∩)∩.∩.∩.(.).)..[...))))))
▓▓▓▓▓▓▓▓▓▓▓▓▓▓▓▓▓▓▓▓▓▓▓▓▓▓▓▓▓▓▓▓▓
..)............))................
▓▓▓▓▓▓▓▓▓▓▓▓▓▓▓▓▓▓▓▓▓▓▓▓▓▓▓▓▓▓▓▓▓
,,+,,,cQG§bZGC((@)'..........[[[[
*******▓▓▓▓▓▓▓▓▓▓▓▓▓▓▓▓▓▓▓▓▓▓▓▓▓▓
,,,,,,,,,,,,,,,,,,,,,,,,,,,,,,,,,
*********************************
,,,,,+,,,,,,,,,+,,,,,,,,,+,,,,,,,
*********************************
,,,,,,,,,,,,,,,,,,,,,,,,,,,,,,,,,
*********************************
,,+,,,,,,,,,,,,,,,,,,,,,+,,,,,,,,


You could see a stone giant, a glowing orange brain, a giant cockroach zombie
and a bat (summoned, confused).

Vanquished Creatures
  A stone giant (D)
  3 dire elephants (D)
  Erolcha (D)
  A boulder beetle (D)
  A catoblepas (D)
  2 centaur warriors (D)
  4 ogre magi (D)
  A death yak (D)
  An iron troll (D)
  A deep troll (D)
  An unseen horror (D)
  An orc sorcerer (D)
  A manticore (D)
  2 black mambas (D)
  5 elephants (D)
  Psyche (D)
  A cane toad (D)
  2 komodo dragons (D)
  3 trolls (D)
  A polar bear (D)
  2 wyverns (D)
  Eustachio (D)
  A basilisk (D)
  5 yaks (D)
  An acid dragon (D)
  10 orc warriors (D)
  An ogre (D)
  A wolf (D)
  3 bullfrogs (D)
  A gnoll sergeant (D)
  3 orc priests (D)
  3 orc wizards (D)
  A worker ant (D)
  2 adders (D)
  A shadow imp (D)
  An ufetubus (D)
  2 adder skeletons (D)
  A dart slug (D)
  A leopard gecko (D)
  11 orcs (D)
  2 hobgoblins (D)
  A ball python skeleton (D)
  A frilled lizard (D)
  A jackal skeleton (D)
  A kobold (D)
92 creatures vanquished.

Vanquished Creatures (collateral kills)
  A very ugly thing (D)
  A stone giant (D)
  A boulder beetle (D)
  A deep troll (D)
  2 trolls (D)
6 creatures vanquished.

Grand Total: 98 creatures vanquished

Notes
Turn   | Place    | Note
-------+----------+-------------------------------------------
     0 | D        | mhtbhm the Troll Berserker began the quest for the Orb.
     0 | D        | Reached XP level 1. HP: 22/22 MP: 0/0
    17 | D        | Reached skill level 3 in Maces & Flails
    22 | D        | Reached ** piety under Trog
    28 | D        | Reached XP level 2. HP: 31/31 MP: 1/1
   141 | D        | Reached *** piety under Trog
   141 | D        | Reached skill level 4 in Maces & Flails
   148 | D        | Reached XP level 3. HP: 39/39 MP: 2/2
   156 | D        | Found a roughly hewn altar of Beogh.
   156 | D        | Found a snail-covered altar of Cheibriados.
   156 | D        | Found a shadowy altar of Dithmenos.
   156 | D        | Found a white marble altar of Elyvilon.
   156 | D        | Found a blossoming altar of Fedhas.
   156 | D        | Found an opulent altar of Gozag.
   157 | D        | Found a hazy altar of Hepliaklqana.
   158 | D        | Found a viscous altar of Jiyva.
   159 | D        | Found an ancient bone altar of Kikubaaqudgha.
   160 | D        | Found a corrupted altar of Lugonu.
   161 | D        | Found a burning altar of Makhleb.
   162 | D        | Found a sparkling altar of Nemelex Xobeh.
   163 | D        | Found an iron altar of Okawaru.
   164 | D        | Found a stormy altar of Qazlal.
   165 | D        | Found a sacrificial altar of Ru.
   166 | D        | Found a shimmering blue altar of Sif Muna.
   167 | D        | Found a bloodstained altar of Trog.
   168 | D        | Found a hide-covered altar of Uskayaw.
   169 | D        | Found a radiant altar of Vehumet.
   170 | D        | Found an ornate altar of the Wu Jian Council.
   171 | D        | Found a shimmering altar of Xom.
   172 | D        | Found a basalt altar of Yredelemnul.
   173 | D        | Found a glowing silver altar of Zin.
   174 | D        | Found a glowing golden altar of the Shining One.
   215 | D        | Noticed a yak
   215 | D        | Noticed a gnoll sergeant
   220 | D        | Reached **** piety under Trog
   225 | D        | Killed a gnoll sergeant
   225 | D        | Reached skill level 5 in Fighting
   225 | D        | Reached skill level 5 in Maces & Flails
   225 | D        | Reached skill level 5 in Dodging
   225 | D        | Reached XP level 4. HP: 50/50 MP: 3/3
   232 | D        | Killed a yak
   232 | D        | Reached skill level 7 in Maces & Flails
   232 | D        | Reached XP level 5. HP: 49/59 MP: 4/4
   232 | D        | Reached XP level 6. HP: 55/67 MP: 5/5
   235 | D        | Reached ***** piety under Trog
   276 | D        | Noticed a wyvern
   276 | D        | Noticed an acid dragon
   276 | D        | Noticed a boulder beetle
   276 | D        | Noticed a manticore
   282 | D        | Killed a manticore
   282 | D        | Reached skill level 9 in Maces & Flails
   282 | D        | Reached XP level 7. HP: 65/79 MP: 6/6
   293 | D        | Reached skill level 10 in Maces & Flails
   298 | D        | Killed a wyvern
   298 | D        | Killed a boulder beetle
   298 | D        | Reached skill level 11 in Maces & Flails
   298 | D        | Reached XP level 8. HP: 27/92 MP: 7/7
   476 | D        | Gained mutation: You heal very quickly. [potion of
                  | mutation]
   476 | D        | Gained mutation: You are partially covered in yellow
                  | scales. (AC +2) [potion of mutation]
   476 | D        | Gained mutation: You are frail. (-10% HP) [potion of
                  | mutation]
   476 | D        | Gained mutation: You have a pair of small horns on your
                  | head. [potion of mutation]
   491 | D        | Noticed a cane toad
   495 | D        | Received a gift from Trog
   495 | D        | Reached skill level 12 in Maces & Flails
   495 | D        | Noticed a polar bear
   497 | D        | Killed a cane toad
   497 | D        | Reached XP level 9. HP: 90/90 MP: 8/8
   498 | D        | Noticed a black mamba
   507 | D        | Reached skill level 10 in Fighting
   507 | D        | Reached skill level 13 in Maces & Flails
   510 | D        | Killed a polar bear
   514 | D        | Killed a black mamba
   558 | D        | Noticed a black mamba
   558 | D        | Noticed a boulder beetle
   558 | D        | Noticed a komodo dragon
   561 | D        | Killed a komodo dragon
   561 | D        | Reached skill level 14 in Maces & Flails
   561 | D        | Reached skill level 10 in Dodging
   563 | D        | Noticed a death yak
   563 | D        | Noticed a komodo dragon
   570 | D        | Reached ****** piety under Trog
   570 | D        | Received a gift from Trog
   585 | D        | Killed a death yak
   585 | D        | Reached XP level 10. HP: 48/101 MP: 9/9
   589 | D        | Killed a black mamba
   589 | D        | Reached skill level 15 in Maces & Flails
   620 | D        | Killed a boulder beetle
   620 | D        | Received a gift from Trog
   792 | D        | Noticed an elephant
   792 | D        | Noticed an elephant
   792 | D        | Noticed a dire elephant
   792 | D        | Noticed an elephant
   792 | D        | Noticed a dire elephant
   792 | D        | Noticed an elephant
   794 | D        | Noticed a dire elephant
   798 | D        | Killed a dire elephant
   798 | D        | Reached skill level 16 in Maces & Flails
   806 | D        | Killed a dire elephant
   807 | D        | Noticed an elephant
   808 | D        | Killed an elephant
   812 | D        | Killed an elephant
   812 | D        | Reached skill level 1 in Stealth
   812 | D        | Reached XP level 11. HP: 111/111 MP: 4/10
   855 | D        | Killed a dire elephant
   860 | D        | Received a gift from Trog
   860 | D        | Reached skill level 17 in Maces & Flails
   977 | D        | Noticed Eustachio
   985 | D        | Killed Eustachio
  1040 | D        | Received a gift from Trog
  1067 | D        | Received a gift from Trog
  1255 | D        | Noticed an orc sorcerer
  1259 | D        | Killed an orc sorcerer
  1302 | D        | Received a gift from Trog
  1450 | D        | Found Iwung's Assorted Antiques.
  1450 | D        | Noticed an iron troll
  1450 | D        | Noticed an ogre mage
  1450 | D        | Noticed an ogre mage
  1450 | D        | Noticed a stone giant
  1457 | D        | Killed an ogre mage
  1459 | D        | Noticed a deep troll
  1459 | D        | Found Noaxt's Gadget Shop.
  1461 | D        | Killed an ogre mage
  1478 | D        | Killed an iron troll
  1479 | D        | Found Detaman's Weapon Boutique.
  1485 | D        | Killed a stone giant
  1485 | D        | Reached skill level 18 in Maces & Flails
  1504 | D        | Killed a deep troll
  1699 | D        | Found Ecrua's Magic Scroll Shop.
  1701 | D        | Noticed an ogre mage
  1703 | D        | Noticed a deep troll
  1704 | D        | Noticed an ogre mage
  1708 | D        | Killed an ogre mage
  1708 | D        | Received a gift from Trog
  1708 | D        | Reached XP level 12. HP: 126/126 MP: 11/11
  1727 | D        | Killed an ogre mage
  1758 | D        | Got a brightly glowing dire flail {god gift}
  1759 | D        | Identified the +10 dire flail "Luibb" {antimagic, *Slow
                  | rF++ Dex+7} (Trog gifted it to you in the Dungeon)
  1778 | D        | Bought a condenser vane (2/2) for 240 gold pieces
  1778 | D        | Bought a lightning rod (4/4) for 480 gold pieces
  1780 | D        | Bought a scroll of blinking for 150 gold pieces
  1780 | D        | Bought a purple potion for 18 gold pieces
  1780 | D        | Bought a fuming golden potion for 18 gold pieces
  1780 | D        | Bought a blackened copper ring for 100 gold pieces
  1786 | D        | Bought a scroll of identify for 22 gold pieces
  1786 | D        | Bought a scroll of identify for 22 gold pieces
  1786 | D        | Bought a scroll of identify for 22 gold pieces
  1786 | D        | Bought a scroll of identify for 22 gold pieces
  1786 | D        | Bought 2 scrolls of magic mapping for 77 gold pieces
  1786 | D        | Bought a scroll of fog for 22 gold pieces
  1786 | D        | Bought a scroll of identify for 22 gold pieces
  1814 | D        | Noticed Erolcha
  1821 | D        | Killed Erolcha
  1821 | D        | Reached skill level 15 in Fighting
  1835 | D        | Noticed Psyche
  1838 | D        | Paralysed by Psyche for 2 turns
  1846 | D        | Killed Psyche
  1846 | D        | Received a gift from Trog
  2048 | D        | Noticed a centaur warrior
  2048 | D        | Noticed a centaur warrior
  2055 | D        | Killed a centaur warrior
  2056 | D        | Noticed a catoblepas
  2068 | D        | Killed a centaur warrior
  2068 | D        | Received a gift from Trog
  2070 | D        | Noticed a purple very ugly thing
  2070 | D        | Noticed a tengu warrior
  2074 | D        | Noticed a stone giant
  2084 | D        | Noticed a centaur warrior
  2088 | D        | Noticed a stone giant
  2093 | D        | Killed a catoblepas
  2093 | D        | Reached skill level 1 in Armour
  2108 | D        | Killed a purple very ugly thing
  2110 | D        | Killed a stone giant
  2113 | D        | Hit by a large rock thrown by a stone giant

Illustrated notes

Levels and vault maps discovered:
D:        linesprint [early_d, line_temple, items_1, d_10, items_2, lair_1,
          lair_end, items_3, orc_1, orc_end, items_4, d_15, swamp_1, shoals_1,
          snake_1, spider_1, d_20, vaults_1, items_5, swamp_end, shoals_end,
          snake_end, spider_end, vaults_end, d_27, items_6, zot_1, zot_end,
          crypt_end, forest_end, elf_end, slime_end, tomb_end, abyss_end,
          pan_hell_end]

Skill      XL: |  1  2  3  4  5  6  7  8  9 10 11 12 |
---------------+-------------------------------------+-----
Maces & Flails | 3 4 5 7 9 11 12 14 16 18 | 18.9
Fighting       | 3 4 5 6 7 9 11 12 14 15 | 15.6
Dodging        | 3 4 5 6 7 9 10 11 12 | 12.8
Stealth        | 1 2 3 |  3.9
Armour         | 2 |  2.5
Evocations     | |  0.2

Action                   |  1- 3 |  4- 6 |  7- 9 | 10-12 || total
-------------------------+-------+-------+-------+-------++-------
Melee: Mace              |    38 |       |       |       ||    38
       Morningstar       |     8 |    14 |    61 |    67 ||   150
       Headbutt          |       |       |    15 |    66 ||    81
       Dire flail        |       |       |       |   156 ||   156
Invok: Berserk           |     2 |     1 |     2 |     5 ||    10
       Brothers in Arms  |       |       |     1 |     3 ||     4
Evoke: Wand              |       |     1 |       |     1 ||     2
       Condenser vane    |       |       |       |     1 ||     1
  Use: Potion            |       |       |     2 |     5 ||     7
       Scroll            |       |       |       |     3 ||     3
 Stab: Petrified         |       |       |       |     3 ||     3
       Invisible         |       |       |       |     1 ||     1
Armor: Animal skin       |    15 |       |    10 |    19 ||    44
       Robe              |       |       |       |    12 ||    12
       Troll leather arm |       |       |       |    14 ||    14
Dodge: Dodged            |    31 |    11 |    27 |   100 ||   169

Table legend: (Time is in decaauts)
 A = Elapsed time spent in this place.
 B = Non-inter-level travel time spent in this place.
 C = Inter-level travel time spent in this place.
 D = Time resting spent in this place.
 E = Time spent auto-exploring this place.
 F = Levels seen in this place.
 G = Mean time per level.
                   A        B        C        D        E       F      G
               +--------+--------+--------+--------+--------+-----+--------+
         Total |   2081 |   2081 |      0 |    869 |    234 |   1 | 2081.0 |
       Dungeon |   2081 |   2081 |      0 |    869 |    234 |   1 | 2081.0 |
               +--------+--------+--------+--------+--------+-----+--------+

Top non-repeatable levels by time:
       D: 2081 daAuts
